[Event "Late Titled Tuesday Blitz February 8 2022"]
[White "Bibasa, Bob"]
[Black "Janaszak, Dawid"]
[WhiteFideId "10000240"]
[BlackFideId "1119206"]
[WhiteElo "2056"]
[BlackElo "2199"]
[Result "1-0"]
[Round "05"]
[TimeControl "180+1"]
[Date "2022.02.09"]
[WhiteClock "0:00:08"]
[BlackClock "0:00:05"]

1. e4 c5 2. Nf3 Nc6 3. Bb5 e5 4. O-O Bd6 5. c3 a6 6. Ba4 Nge7 7. d4 cxd4 8. cxd4 b5 9. Bb3 exd4 10. Nxd4 Qc7 11. Nf3 O-O 12. Nc3 Bb7 13. Bg5 h6 14. Bh4 b4 15. Nd5 Nxd5 16. Bxd5 Bf4 17. Bg3 Bxg3 18. hxg3 Rac8 19. Rc1 Qb6 20. Qd2 a5 21. Bb3 Rcd8 22. Qf4 Ne7 23. Ne5 d5 24. Rfd1 a4 25. Bxa4 dxe4 26. Nd7 Rxd7 27. Bxd7 Nd5 28. Qe5 e3 29. Rxd5 exf2+ 30. Kf1 Bxd5 31. Qxd5 Qe3 32. Rd1 Rd8 33. Qf3 Qa7 34. Bb5 Rb8 35. Bc4 Rc8 36. Bb3 g6 37. Qxf2 Qe7 38. Re1 Qb7 39. Qf4 Rc7 40. Qxh6 Qa6+ 41. Kg1 Rc8 42. Rf1 Rf8 43. Rf2 Qb6 44. Qf4 Qc5 45. Qg4 Kg7 46. Qe2 Qd4 47. Qc4 Qe3 48. Qe2 Qd4 49. g4 Qc5 50. g3 Qc1+ 51. Qf1 Qc6 52. Rxf7+ Rxf7 53. Qxf7+ Kh6 54. Qf8+ Kg5 55. Qf4# 1-0


[Site "https://www.chess.com"]

[Event "Late Titled Tuesday Blitz February 8 2022"]
[White "Bilan, Danila"]
[Black "Wieczorek, Oskar"]
[WhiteFideId "24161918"]
[BlackFideId "1133950"]
[WhiteElo "2164"]
[BlackElo "2319"]
[Result "1-0"]
[Round "05"]
[TimeControl "180+1"]
[Date "2022.02.09"]
[WhiteClock "0:00:22"]
[BlackClock "0:00:08"]

1. d4 Nf6 2. Nf3 g6 3. Bg5 Bg7 4. c3 b6 5. Nbd2 Bb7 6. e3 O-O 7. Bd3 c5 8. O-O cxd4 9. exd4 d6 10. Re1 Re8 11. Qc2 Nbd7 12. Ne4 Nxe4 13. Bxe4 Bxe4 14. Rxe4 Nf6 15. Re2 Qc7 16. Rae1 Nd5 17. Qb3 e6 18. Nd2 b5 19. Nf1 Qc4 20. Ne3 Qxb3 21. axb3 Nb6 22. Bf4 Bf8 23. b4 a5 24. bxa5 Rxa5 25. h3 Rea8 26. Nc2 Nd5 27. Bc1 Ra2 28. g3 Rb8 29. Kg2 b4 30. c4 Nc7 31. b3 d5 32. Ne3 dxc4 33. Rxa2 c3 34. Nc4 Nb5 35. Be3 Bg7 36. Rea1 Nc7 37. Ra7 Rc8 38. Rxc7 Rxc7 39. Ra8+ Bf8 40. Bh6 Rc8 41. Rxc8 f6 42. Rxf8# 1-0


[Site "https://www.chess.com"]

[Event "Late Titled Tuesday Blitz February 8 2022"]
[White "Borisova, Ekaterina"]
[Black "Grigorov, Grigor"]
[WhiteFideId "34124184"]
[BlackFideId "2907313"]
[WhiteElo "2034"]
[BlackElo "2510"]
[Result "1/2-1/2"]
[Round "05"]
[TimeControl "180+1"]
[Date "2022.02.09"]
[WhiteClock "0:00:14"]
[BlackClock "0:00:13"]

1. d4 Nf6 2. c4 e6 3. Nc3 Bb4 4. f3 c5 5. d5 O-O 6. e4 d6 7. Ne2 b5 8. Nf4 exd5 9. Nxd5 Nxd5 10. cxd5 f5 11. e5 dxe5 12. Bxb5 Qh4+ 13. g3 Qd4 14. Qxd4 cxd4 15. a3 Ba5 16. b4 Bb6 17. Na4 Bb7 18. Bc4 Rd8 19. Bg5 Rd7 20. d6+ Kf8 21. Nc5 Bxc5 22. bxc5 Bxf3 23. O-O Be4 24. Rae1 Ke8 25. Rxe4 fxe4 26. Bd5 Na6 27. Bxa8 Nxc5 28. Bc6 e3 29. Rb1 h6 30. Be7 d3 31. Kf1 e2+ 32. Ke1 e4 33. Kd2 Kf7 34. Bxd7 Nxd7 35. Re1 Ne5 36. Ke3 Nf3 37. Rxe2 dxe2 38. Kxe2 Nd4+ 39. Ke3 Nf5+ 40. Kxe4 Nxe7 41. dxe7 Kxe7 42. Kf5 Kf7 43. g4 g6+ 44. Ke5 Ke7 45. h4 h5 46. gxh5 gxh5 47. a4 a5 48. Kf5 Kd6 49. Kg5 Ke5 50. Kxh5 Kf5 51. Kh6 Kf6 52. h5 Kf7 53. Kg5 Kg7 54. Kf5 Kh6 55. Ke5 Kxh5 56. Kd5 Kg6 57. Kc5 Kf7 58. Kb5 Ke8 59. Kxa5 Kd8 60. Kb6 Kc8 61. a5 Kb8 62. a6 Ka8 63. a7 1/2-1/2


[Site "https://www.chess.com"]

[Event "Late Titled Tuesday Blitz February 8 2022"]
[White "Boros, Denes"]
[Black "Wu, Christopher"]
[WhiteFideId "722340"]
[BlackFideId "2040875"]
[WhiteElo "2464"]
[BlackElo "2652"]
[Result "0-1"]
[Round "05"]
[TimeControl "180+1"]
[Date "2022.02.08"]
[WhiteClock "0:00:19"]
[BlackClock "0:00:41"]

1. e4 c5 2. Nf3 Nc6 3. Nc3 e6 4. Bb5 Be7 5. d4 cxd4 6. Nxd4 a6 7. Bxc6 dxc6 8. O-O c5 9. Nb3 Qxd1 10. Rxd1 Nf6 11. e5 Nd7 12. Bf4 O-O 13. Ne4 b6 14. c4 Rd8 15. Nd6 Nf8 16. Bg3 Bd7 17. Nd2 Bc6 18. a3 Ng6 19. N2e4 a5 20. Nc3 Rd7 21. f4 Rad8 22. f5 Bxd6 23. fxg6 Be7 24. gxf7+ Kxf7 25. Bf4 g5 26. Be3 Rxd1+ 27. Rxd1 Rxd1+ 28. Nxd1 Kg6 29. g4 h5 30. h3 hxg4 31. hxg4 Bd8 32. Nf2 Bc7 33. b4 axb4 34. axb4 cxb4 35. Bd4 b5 36. c5 b3 37. Nd3 Bf3 38. Nf2 Kf7 39. Kh2 Ke7 40. Kg3 Bd5 41. Nh3 Ba5 42. Bb2 Be1+ 43. Kh2 b4 44. Nxg5 Bc3 45. Bc1 Bxe5+ 0-1


[Site "https://www.chess.com"]

[Event "Late Titled Tuesday Blitz February 8 2022"]
[White "Bortnyk, Olexandr"]
[Black "Nihal Sarin"]
[WhiteFideId "14120828"]
[BlackFideId "25092340"]
[WhiteElo "2723"]
[BlackElo "2705"]
[Result "1/2-1/2"]
[Round "05"]
[TimeControl "180+1"]
[Date "2022.02.08"]
[WhiteClock "0:00:07"]
[BlackClock "0:00:04"]

1. e4 e5 2. Bc4 Nf6 3. d3 Nc6 4. Nc3 Na5 5. Bg5 h6 6. Bh4 Be7 7. Bg3 d6 8. Nge2 O-O 9. O-O c6 10. Kh1 Nxc4 11. dxc4 Be6 12. Qd3 Nd7 13. b3 Nc5 14. Qe3 f5 15. f4 Nxe4 16. Nxe4 fxe4 17. fxe5 d5 18. Nf4 Qd7 19. Ng6 Rxf1+ 20. Rxf1 Bg5 21. Qc5 Bf7 22. Nf4 dxc4 23. bxc4 Re8 24. h4 Bd8 25. Kh2 Qg4 26. Nh3 Bxh4 27. Bxh4 Qxh4 28. Rf4 Qe7 29. Qxe7 Rxe7 30. Rxe4 Bg6 31. Re2 Bh5 32. Re3 Bf7 33. Re4 g5 34. Nf2 Kg7 35. g4 Bg6 36. Re2 Rd7 37. c3 Kf8 38. Kg3 Ke7 39. Kf3 Bf7 40. Ke3 Bxc4 41. Re1 Rd5 42. Rh1 Rxe5+ 43. Kd4 Re2 44. Kxc4 Rxf2 45. Rxh6 Rxa2 46. Rh7+ Kd6 47. Rxb7 Ra4+ 48. Kd3 a5 49. Ra7 Kc5 50. Ra8 Kb6 51. c4 Ra1 52. Rg8 a4 53. Rxg5 a3 54. Kc3 Rb1 55. c5+ Ka6 56. Rg8 Kb7 57. Rg7+ Kb8 58. Rg8+ Ka7 59. Rg7+ Ka6 60. Rg8 Rg1 61. Kb3 Rg3+ 62. Ka2 Kb5 63. g5 Kxc5 64. g6 Kc4 65. Rg7 c5 66. Rg8 Kb4 67. Rb8+ Kc4 68. Rg8 Kc3 69. Kxa3 c4 70. g7 Rg4 71. Ka4 Rg5 72. Rh8 Rxg7 73. Rh3+ Kd4 74. Rh4+ Kc5 75. Rh5+ Kd4 76. Rh4+ Kc3 77. Rh3+ Kd2 78. Rh2+ Ke3 79. Rh3+ Kd2 80. Rh2+ Kd3 81. Rh3+ Ke4 82. Rh4+ Kd5 83. Rh5+ Kd4 84. Rh4+ 1/2-1/2


[Site "https://www.chess.com"]

[Event "Late Titled Tuesday Blitz February 8 2022"]
[White "Bugayev, Vladimir"]
[Black "Nilsen, Tobias Lang"]
[WhiteFideId "30901480"]
[BlackFideId "1521624"]
[WhiteElo "2352"]
[BlackElo "2013"]
[Result "1-0"]
[Round "05"]
[TimeControl "180+1"]
[Date "2022.02.09"]
[WhiteClock "0:01:12"]
[BlackClock "0:00:59"]

1. e4 c5 2. Nc3 e6 3. f4 d5 4. Nf3 Nc6 5. Bb5 Nf6 6. Bxc6+ bxc6 7. e5 Nd7 8. d3 Be7 9. O-O O-O 10. Qe1 f6 11. b3 fxe5 12. fxe5 Qe8 13. Qg3 Kh8 14. Na4 c4 15. dxc4 dxc4 16. Be3 cxb3 17. axb3 c5 18. Nb2 Bb7 19. Nc4 Nb6 20. Nd6 Bxd6 21. exd6 Nd5 22. Bxc5 Qc6 23. b4 Nf4 24. Rae1 Rf5 25. Nd4 Qa6 26. Nxf5 Ne2+ 27. Rxe2 exf5 28. Re7 Rg8 29. Bd4 h6 30. Qg6 1-0


[Site "https://www.chess.com"]

[Event "Late Titled Tuesday Blitz February 8 2022"]
[White "Calcada, Lucas Galvan"]
[Black "Krstulovic, Alex"]
[WhiteFideId "22746099"]
[BlackFideId "760056"]
[WhiteElo "1402"]
[BlackElo "2193"]
[Result "0-1"]
[Round "05"]
[TimeControl "180+1"]
[Date "2022.02.09"]
[WhiteClock "0:00:43"]
[BlackClock "0:01:27"]

1. e4 c5 2. Nf3 e6 3. d4 cxd4 4. Nxd4 Nf6 5. Nc3 Nc6 6. Ndb5 Bc5 7. Nd6+ Ke7 8. Nxc8+ Rxc8 9. Bd3 Qc7 10. O-O h5 11. Na4 Ng4 12. g3 Bxf2+ 13. Rxf2 Nxf2 14. Kxf2 h4 15. Bf4 hxg3+ 16. Bxg3 Rxh2+ 17. Bxh2 Qxh2+ 18. Ke3 Rh8 19. Qe2 Rh3+ 20. Kd2 Qf4+ 21. Kc3 Qe5+ 22. Kd2 Rh2 23. Nc3 Nd4 24. Qxh2 Qxh2+ 25. Ke3 Nxc2+ 26. Bxc2 Qxc2 0-1


[Site "https://www.chess.com"]

[Event "Late Titled Tuesday Blitz February 8 2022"]
[White "Chigaev, Maksim"]
[Black "Golubka, Petro"]
[WhiteFideId "4108116"]
[BlackFideId "14114224"]
[WhiteElo "2502"]
[BlackElo "2392"]
[Result "1-0"]
[Round "05"]
[TimeControl "180+1"]
[Date "2022.02.08"]
[WhiteClock "0:00:09"]
[BlackClock "0:00:15"]

1. e4 c5 2. b3 b6 3. Bb2 Bb7 4. Qe2 Nc6 5. Nf3 e6 6. Nc3 a6 7. O-O-O Nd4 8. Qe3 Nxf3 9. gxf3 Nf6 10. Rg1 b5 11. d4 cxd4 12. Qxd4 Qc7 13. e5 Nd5 14. Ne4 Rc8 15. Bd3 Rg8 16. Kb1 Be7 17. f4 Qb6 18. Qxb6 Nxb6 19. f5 g6 20. f6 Bxe4 21. Bxe4 Bc5 22. Bb7 Rb8 23. Bxa6 Nd5 24. c4 bxc4 25. Bxc4 Bxf2 26. Rh1 Ne3 27. Rc1 g5 28. Bd3 h5 29. Rc7 Nd5 30. Rc4 g4 31. Rhc1 Kd8 32. Bh7 Rg5 33. Ba3 Ra8 34. Bd6 Bb6 35. Be4 h4 36. Bxd5 exd5 37. Be7+ Ke8 38. Rc8+ 1-0


[Site "https://www.chess.com"]

[Event "Late Titled Tuesday Blitz February 8 2022"]
[White "Clawitter, Craig"]
[Black "Myers, Dominique"]
[WhiteFideId "2023105"]
[BlackFideId "2041715"]
[WhiteElo "2183"]
[BlackElo "1986"]
[Result "0-1"]
[Round "05"]
[TimeControl "180+1"]
[Date "2022.02.09"]
[WhiteClock "0:00:01"]
[BlackClock "0:01:04"]

1. e4 e5 2. Nf3 Nc6 3. Bb5 a6 4. Ba4 Nf6 5. O-O b5 6. Bb3 Bc5 7. a4 Rb8 8. c3 d6 9. d4 Bb6 10. axb5 axb5 11. Na3 Bg4 12. Nxb5 O-O 13. Re1 h6 14. Bc2 Bxf3 15. Qxf3 exd4 16. cxd4 Nxd4 17. Nxd4 Bxd4 18. Qg3 Be5 19. f4 Bxb2 20. Bxb2 Rxb2 21. e5 dxe5 22. fxe5 Rxc2 23. exf6 Qxf6 24. Rf1 Qd4+ 25. Kh1 Re8 26. Rad1 Qa4 27. Rf4 Rc4 28. Rff1 Rc2 29. Rf4 Rd2 30. Rdf1 Rd1 31. Rxf7 Rxf1+ 32. Rxf1 Qc4 33. Qf3 Qe6 34. h3 c5 35. Rc1 c4 36. Qf4 Rc8 37. Rc3 Qf6 0-1


[Site "https://www.chess.com"]

[Event "Late Titled Tuesday Blitz February 8 2022"]
[White "Cunha, Lucas Aguiar"]
[Black "Bernat, David"]
[WhiteFideId "2125404"]
[BlackFideId "2099225"]
[WhiteElo "2361"]
[BlackElo "2291"]
[Result "1-0"]
[Round "05"]
[TimeControl "180+1"]
[Date "2022.02.09"]
[WhiteClock "0:00:17"]
[BlackClock "0:00:12"]

1. e4 c5 2. Nf3 g6 3. d4 cxd4 4. Nxd4 Nc6 5. Nc3 Bg7 6. Nb3 Nf6 7. g4 d6 8. g5 Ng4 9. h3 Nge5 10. f4 Nd7 11. Be3 h6 12. gxh6 Bxh6 13. Qd2 e5 14. O-O-O Qh4 15. Nb5 O-O 16. f5 Bxe3 17. Qxe3 Qf4 18. Qxf4 exf4 19. Rg1 Kg7 20. Rxd6 Nf6 21. fxg6 fxg6 22. Bd3 Bxh3 23. N3d4 Nxd4 24. Nxd4 Rad8 25. Rxd8 Rxd8 26. c3 f3 27. e5 Ne4 28. Rh1 Bg2 29. Ne6+ Kg8 30. Nxd8 Bxh1 31. Bxe4 f2 32. Bd3 Bg2 33. Kd2 f1=Q 34. Bxf1 Bxf1 35. Nxb7 Kf7 36. Ke3 Ke6 37. Kf4 g5+ 38. Kxg5 Kxe5 39. Na5 Kd5 40. Kf4 Kc5 41. Ke3 Bh3 42. Kd3 Be6 43. b3 Kb5 44. Nc4 Bxc4+ 45. bxc4+ Kc5 46. a3 a6 47. a4 a5 48. Kd2 Kxc4 49. Kc2 Kc5 50. Kd3 Kd5 51. c4+ Kc5 52. Kc3 Kc6 53. Kd4 Kd6 54. c5+ Kc6 55. Kc4 Kc7 56. Kb5 Kd7 57. Kxa5 Kc6 58. Kb4 Kb7 59. Kb5 1-0


[Site "https://www.chess.com"]

[Event "Late Titled Tuesday Blitz February 8 2022"]
[White "Curtis, John"]
[Black "Ezat, Mohamed"]
[WhiteFideId "3200256"]
[BlackFideId "10600906"]
[WhiteElo "2203"]
[BlackElo "2386"]
[Result "0-1"]
[Round "05"]
[TimeControl "180+1"]
[Date "2022.02.09"]
[WhiteClock "0:00:01"]
[BlackClock "0:00:55"]

1. e4 e5 2. Nf3 Nc6 3. Bb5 Nge7 4. O-O a6 5. Ba4 g6 6. c3 Bg7 7. d4 O-O 8. dxe5 b5 9. Bb3 Nxe5 10. Nxe5 Bxe5 11. Bh6 Bg7 12. Bxg7 Kxg7 13. Qd4+ Kg8 14. Qf6 d5 15. exd5 Nxd5 16. Qxd8 Rxd8 17. Rd1 Be6 18. Nd2 Bg4 19. f3 Bf5 20. Ne4 Bxe4 21. fxe4 Ne3 22. Re1 Ng4 23. e5 Rd2 24. e6 Kf8 25. exf7 Rad8 26. Re4 Nf6 27. Re6 R8d6 28. Re3 Nd5 29. Re8+ Kxf7 30. Rae1 Kg7 31. Bxd5 R2xd5 32. R8e7+ Kh6 33. Rxc7 Rd2 34. Ree7 Kg5 35. Rc5+ Kf6 36. Rxh7 Rxb2 0-1


[Site "https://www.chess.com"]

[Event "Late Titled Tuesday Blitz February 8 2022"]
[White "Debray, Christopher"]
[Black "Ladan, Nicholas"]
[WhiteFideId "630810"]
[BlackFideId "30918855"]
[WhiteElo "2369"]
[BlackElo "2286"]
[Result "0-1"]
[Round "05"]
[TimeControl "180+1"]
[Date "2022.02.09"]
[WhiteClock "0:00:05"]
[BlackClock "0:00:20"]

1. d4 d5 2. Bf4 Nf6 3. e3 c5 4. Nc3 a6 5. Nf3 Nc6 6. Ne5 e6 7. Be2 Nxe5 8. Bxe5 Bd6 9. Bg3 O-O 10. O-O b5 11. Bf3 Bb7 12. Re1 Bxg3 13. hxg3 Rc8 14. dxc5 Rxc5 15. a3 Qc7 16. Re2 Rc8 17. Rd2 h6 18. Rc1 Rxc3 19. bxc3 Qa5 20. Rd3 Nd7 21. e4 Nc5 22. exd5 Nxd3 23. Qxd3 exd5 24. Rd1 Qxc3 25. Qxc3 Rxc3 26. Bxd5 Bxd5 27. Rxd5 Rxa3 28. Rd6 Kf8 29. Kf1 Ke7 30. Rb6 g5 31. Rxh6 f6 32. Rh7+ Kd6 33. Ra7 Kc5 34. Rf7 Rc3 35. Rxf6 Rxc2 36. Rxa6 b4 37. Ra8 Kd4 38. Rd8+ Kc3 39. Rc8+ Kd2 40. Rb8 Rc1# 0-1


[Site "https://www.chess.com"]

[Event "Late Titled Tuesday Blitz February 8 2022"]
[White "Degardin, Sylvain"]
[Black "Roman, Rodrigo"]
[WhiteFideId "20623070"]
[BlackFideId "3701220"]
[WhiteElo "2156"]
[BlackElo "2001"]
[Result "0-1"]
[Round "05"]
[TimeControl "180+1"]
[Date "2022.02.09"]
[WhiteClock "0:00:05"]
[BlackClock "0:00:27"]

1. Nf3 e6 2. g3 Ke7 3. Bg2 Nf6 4. O-O Nc6 5. d4 d5 6. b3 Ke8 7. c4 Be7 8. Bb2 Kf8 9. e3 g6 10. Nc3 Kg7 11. Qe2 Ne4 12. Nxe4 dxe4 13. Nd2 f6 14. Nxe4 Qe8 15. a3 Nd8 16. Rfd1 c6 17. h4 h5 18. Qf3 Nf7 19. d5 e5 20. d6 Bg4 21. dxe7 Bxf3 22. Bxf3 Qxe7 23. a4 Rhd8 24. Ba3 Qe8 25. Nc5 b6 26. Na6 Rxd1+ 27. Rxd1 Rd8 28. Rxd8 Qxd8 29. Bxc6 Qd1+ 30. Kg2 Qxb3 31. Be7 Qxc4 32. Bb5 Qe4+ 33. Kh2 Qf3 34. Kg1 g5 35. Nc7 gxh4 36. Ne6+ Kh7 37. Nf8+ Kg8 38. gxh4 Qd1+ 39. Kh2 Qf3 40. Kg1 Qg4+ 41. Kf1 Qxh4 42. Bd7 Qc4+ 43. Kg2 Qe4+ 44. Kh2 Ng5 45. Bxf6 Nf3+ 46. Kh3 Kxf8 47. Be6 Qg6 0-1


[Site "https://www.chess.com"]

[Event "Late Titled Tuesday Blitz February 8 2022"]
[White "Demchenko, Anton"]
[Black "Martinez Alcantara, Jose Eduardo"]
[WhiteFideId "4160258"]
[BlackFideId "3805662"]
[WhiteElo "2539"]
[BlackElo "2690"]
[Result "1/2-1/2"]
[Round "05"]
[TimeControl "180+1"]
[Date "2022.02.08"]
[WhiteClock "0:00:06"]
[BlackClock "0:00:07"]

1. e4 c5 2. Nf3 d6 3. d4 cxd4 4. Qxd4 Nc6 5. Bb5 Bd7 6. Bxc6 Bxc6 7. Nc3 Nf6 8. Bg5 e6 9. O-O-O Be7 10. Qd3 O-O 11. Nd4 Rc8 12. h4 Qa5 13. f3 Rfe8 14. Kb1 Qa6 15. Qxa6 bxa6 16. Nxc6 Rxc6 17. Ne2 d5 18. Nd4 Rb6 19. Bxf6 Bxf6 20. exd5 exd5 21. Rd2 Bxh4 22. c3 Bg5 23. Re2 Rxe2 24. Nxe2 g6 25. Kc2 h5 26. Rd1 Re6 27. Nd4 Re8 28. b4 h4 29. Kb3 Re3 30. a4 Bf6 31. b5 axb5 32. axb5 Kg7 33. Kb4 Be7+ 34. Kb3 Bf6 35. Kb4 Kh6 36. Ra1 Be7+ 37. Kb3 Bc5 38. Rd1 Bb6 39. Rd2 f5 40. Nc2 Re5 41. Nb4 d4 42. c4 Re3+ 43. Nd3 Ba5 44. Rd1 Re2 45. c5 Rxg2 46. Kc4 g5 47. Kxd4 g4 48. fxg4 fxg4 49. b6 axb6 50. c6 b5 51. Ra1 Bb6+ 52. Ke4 h3 53. Ne5 Kg5 54. Ra8 Re2+ 55. Kd5 Kf4 56. Rg8 Kg3 57. Rxg4+ Kf2 58. Rh4 Kg3 59. Rg4+ Kf2 60. Rh4 Bc7 61. Nd3+ Kg3 62. Rh7 Bb6 63. Rg7+ Kh2 64. Rb7 Bd8 65. Rd7 Ba5 66. Ra7 Rd2 67. Rxa5 Rxd3+ 68. Kc5 Rc3+ 69. Kxb5 Kg3 70. Ra8 h2 71. Rg8+ Kf2 72. Rh8 Kg2 73. Rxh2+ Kxh2 74. Kb6 Kg3 75. c7 Kf4 76. Kb7 Ke5 77. c8=Q Rxc8 78. Kxc8 1/2-1/2


[Site "https://www.chess.com"]

[Event "Late Titled Tuesday Blitz February 8 2022"]
[White "Derraugh, Geordie"]
[Black "Sargsyan, Anna M."]
[WhiteFideId "2603950"]
[BlackFideId "13308130"]
[WhiteElo "2116"]
[BlackElo "2271"]
[Result "0-1"]
[Round "05"]
[TimeControl "180+1"]
[Date "2022.02.09"]
[WhiteClock "0:00:56"]
[BlackClock "0:02:52"]

1. e4 c6 2. d4 d5 3. f3 dxe4 4. fxe4 e5 5. Nf3 Bg4 6. Bc4 Nd7 7. O-O Ngf6 8. c3 Bd6 9. Nbd2 O-O 10. Qe1 Qc7 11. h3 Bh5 12. Bd3 Rae8 13. Qh4 Bg6 14. Re1 exd4 15. Qg5 Bf4 16. Qh4 Bg3 17. Qg5 h6 0-1


[Site "https://www.chess.com"]

[Event "Late Titled Tuesday Blitz February 8 2022"]
[White "Devagharan, Devina"]
[Black "Novikova, Galina"]
[WhiteFideId "2061600"]
[BlackFideId "4157095"]
[WhiteElo "2221"]
[BlackElo "1863"]
[Result "0-1"]
[Round "05"]
[TimeControl "180+1"]
[Date "2022.02.09"]
[WhiteClock "0:01:08"]
[BlackClock "0:00:42"]

1. d4 f5 2. c4 Nf6 3. Nf3 e6 4. g3 d6 5. Bg2 Be7 6. O-O O-O 7. Nc3 Nc6 8. Qc2 e5 9. dxe5 dxe5 10. Rd1 Qe8 11. b3 Be6 12. Bb2 Qh5 13. Nd5 e4 14. Ne5 Bxd5 15. cxd5 Nxe5 16. Bxe5 Ng4 17. Qxc7 Qxh2+ 18. Kf1 Rf7 19. Qxb7 Raf8 20. Bf4 e3 21. fxe3 Bg5 22. Qb5 Bxf4 23. exf4 Ne3+ 24. Ke1 Qxg2 25. Kd2 Nxd1 26. Rxd1 Qxg3 27. e3 Rd8 28. Qc4 Qf2+ 29. Kc1 Qxe3+ 30. Kb1 Qe4+ 0-1


[Site "https://www.chess.com"]

[Event "Late Titled Tuesday Blitz February 8 2022"]
[White "Dias, Joao Batista"]
[Black "Goltseva, Ekaterina"]
[WhiteFideId "2108240"]
[BlackFideId "24173770"]
[WhiteElo "1898"]
[BlackElo "2140"]
[Result "0-1"]
[Round "05"]
[TimeControl "180+1"]
[Date "2022.02.09"]
[WhiteClock "0:00:40"]
[BlackClock "0:00:58"]

1. e4 e5 2. Nf3 Nc6 3. d4 exd4 4. Nxd4 Bc5 5. Nxc6 Qf6 6. Qd2 dxc6 7. Nc3 Bd4 8. Bd3 Ne7 9. O-O Ng6 10. Rb1 O-O 11. Ne2 Bb6 12. b3 Nh4 13. Qg5 Qxg5 14. Bxg5 Ng6 15. h3 f6 16. Bd2 Ne5 17. Bb4 Rd8 18. Rbd1 Be6 19. Nf4 Bf7 20. Rfe1 a5 21. Bc3 a4 22. Bxe5 fxe5 23. Ne2 axb3 24. axb3 Kf8 25. g3 Be6 26. Kg2 Ke7 27. f4 Ra2 28. f5 Bf7 29. Nc3 Raa8 30. Ra1 Rxa1 31. Rxa1 Bd4 32. f6+ gxf6 33. Ra4 Bxc3 34. Ra7 Rb8 35. Kf3 Bd4 36. g4 Bxa7 0-1


[Site "https://www.chess.com"]

[Event "Late Titled Tuesday Blitz February 8 2022"]
[White "Dobre, Claudiu-Cristian"]
[Black "Fier, Alexandr"]
[WhiteFideId "1211854"]
[BlackFideId "2107139"]
[WhiteElo "2207"]
[BlackElo "2569"]
[Result "0-1"]
[Round "05"]
[TimeControl "180+1"]
[Date "2022.02.09"]
[WhiteClock "0:00:06"]
[BlackClock "0:01:58"]

1. c4 Nf6 2. Nc3 e6 3. e4 e5 4. g3 Nc6 5. Bg2 Bc5 6. Nge2 a6 7. a3 h5 8. d3 h4 9. Be3 d6 10. b4 Bxe3 11. fxe3 Ng4 12. Qd2 Be6 13. h3 Nf6 14. g4 Nh7 15. Ng1 Ng5 16. Nf3 Nxf3+ 17. Bxf3 Qg5 18. Bd1 Ke7 19. Ba4 Nd8 20. Nd5+ Bxd5 21. cxd5 b5 22. Bb3 Nb7 23. O-O g6 24. Rac1 Rhc8 25. Qf2 f6 26. Rc2 a5 27. Rfc1 Kd7 28. Rf1 axb4 29. axb4 Ra3 30. Rc3 Ke7 31. Qc2 Qxe3+ 32. Qf2 Qxf2+ 33. Rxf2 Nd8 34. Rfc2 Ra7 35. Kf2 Nf7 36. Ke3 Ng5 37. Rh2 Ra3 38. Rhc2 Kd7 39. Rf2 Rf8 40. Rfc2 Ra7 41. Rh2 Ra1 42. Rhc2 Ra7 43. Rf2 Kd8 44. Rh2 Ra1 45. Rcc2 Rb1 46. Rb2 Rxb2 47. Rxb2 Nxh3 48. Rh2 Nf4 49. Bd1 h3 50. g5 f5 51. Be2 Ke7 52. Bf1 Rh8 53. Kf3 Rh5 54. exf5 gxf5 55. d4 Rxg5 56. dxe5 dxe5 57. Bxb5 Rg2 58. Rxg2 hxg2 59. Kf2 Nxd5 60. Bc6 Nxb4 61. Bxg2 Kf6 62. Ke3 c5 0-1


[Site "https://www.chess.com"]

[Event "Late Titled Tuesday Blitz February 8 2022"]
[White "Dourerassou, Jonathan"]
[Black "Stearman, Josiah"]
[WhiteFideId "628050"]
[BlackFideId "2062496"]
[WhiteElo "2513"]
[BlackElo "2402"]
[Result "1-0"]
[Round "05"]
[TimeControl "180+1"]
[Date "2022.02.09"]
[WhiteClock "0:01:10"]
[BlackClock "0:00:20"]

1. d4 d5 2. c4 c6 3. cxd5 cxd5 4. Bf4 Nc6 5. e3 Nf6 6. Nc3 Bg4 7. Qb3 Na5 8. Qa4+ Bd7 9. Qc2 e6 10. Nf3 Be7 11. Bd3 Nc6 12. a3 Nh5 13. Bg3 Nxg3 14. hxg3 h6 15. g4 Rc8 16. Rc1 e5 17. Nxe5 Nxe5 18. dxe5 Bxg4 19. Bb5+ Kf8 20. Qd3 a6 21. Ba4 Be6 22. Rd1 Qa5 23. Bc2 Bxa3 24. O-O Bxb2 25. Nxd5 Bxe5 26. Nf4 Bc4 27. Qf5 Qc7 28. Ng6+ Kg8 29. Qxc8+ Qxc8 30. Ne7+ Kf8 31. Nxc8 Bc7 32. Bd3 Be6 33. Rc1 1-0


[Site "https://www.chess.com"]

[Event "Late Titled Tuesday Blitz February 8 2022"]
[White "Erdogdu, Mert"]
[Black "Deac, Bogdan-Daniel"]
[WhiteFideId "6301495"]
[BlackFideId "1226380"]
[WhiteElo "2485"]
[BlackElo "2646"]
[Result "0-1"]
[Round "05"]
[TimeControl "180+1"]
[Date "2022.02.08"]
[WhiteClock "0:00:03"]
[BlackClock "0:00:05"]

1. e4 c5 2. Nf3 Nc6 3. d4 cxd4 4. Nxd4 Nf6 5. Nc3 e5 6. Ndb5 d6 7. Bg5 a6 8. Na3 Be6 9. Nc4 Rb8 10. Bxf6 Qxf6 11. Nb6 Qd8 12. Ncd5 g6 13. c3 Bg7 14. Bc4 O-O 15. a4 f5 16. Qe2 fxe4 17. O-O Bf5 18. a5 Kh8 19. b4 Qh4 20. Rad1 Bh6 21. Ne3 Qe7 22. Ba2 Rbd8 23. Nbd5 Qh4 24. Bb1 Na7 25. Nc4 Nb5 26. g3 Qg4 27. Qxg4 Bxg4 28. Bxe4 Bxd1 29. Rxd1 Rc8 30. Ndb6 Rc7 31. Rd3 Rcf7 32. f3 Rc7 33. Kg2 Rd8 34. Bd5 Bf8 35. h4 Be7 36. Kh3 Kg7 37. g4 h5 38. g5 Rf8 39. Kg3 Rf4 40. Nd2 Nxc3 41. Ne4 Ne2+ 42. Kf2 Nd4 43. Kg3 Ne2+ 44. Kf2 Nd4 45. Kg3 Kf8 46. Nc4 Nb5 47. Nb6 Ke8 48. Nc4 Kd8 49. Nb6 Ke8 50. Nc4 Nd4 51. Nb6 Ne2+ 52. Kf2 Nc1 53. Rd1 Rxh4 54. Nc4 Nb3 55. Ncxd6+ Bxd6 56. Nxd6+ Ke7 57. Ne4 Nd4 58. Nf6 Rf4 59. Kg3 Nf5+ 60. Kf2 Rd4 61. Re1 Rd2+ 62. Kf1 Rcc2 63. Rxe5+ Kd6 0-1


[Site "https://www.chess.com"]

[Event "Late Titled Tuesday Blitz February 8 2022"]
[White "Gaisinsky, Adam"]
[Black "Sailer, Mike"]
[WhiteFideId "2620561"]
[BlackFideId "2012901"]
[WhiteElo "1965"]
[BlackElo "2109"]
[Result "0-1"]
[Round "05"]
[TimeControl "180+1"]
[Date "2022.02.09"]
[WhiteClock "0:00:09"]
[BlackClock "0:00:54"]

1. e4 d5 2. exd5 Qxd5 3. Nc3 Qd6 4. d4 Nf6 5. Nf3 c6 6. Bc4 Bg4 7. h3 Bh5 8. Be3 e6 9. g4 Bg6 10. Ne5 Nbd7 11. f4 Ne4 12. Qf3 Nxc3 13. bxc3 Bxc2 14. O-O Be7 15. Nxf7 Kxf7 16. f5 Ke8 17. fxe6 Nf6 18. g5 Nd5 19. Qf7+ Kd8 20. Qxg7 Qg3+ 21. Kh1 Be4+ 22. Rf3 Bxf3# 0-1


[Site "https://www.chess.com"]

[Event "Late Titled Tuesday Blitz February 8 2022"]
[White "Garriga Cazorla, Pere"]
[Black "Estrada Nieto, Julian"]
[WhiteFideId "32011601"]
[BlackFideId "5101018"]
[WhiteElo "2458"]
[BlackElo "2246"]
[Result "1-0"]
[Round "05"]
[TimeControl "180+1"]
[Date "2022.02.09"]
[WhiteClock "0:00:41"]
[BlackClock "0:00:01"]

1. Nf3 d5 2. c4 d4 3. g3 Nc6 4. Bg2 e5 5. O-O g6 6. e3 Bg7 7. exd4 exd4 8. d3 Nge7 9. Na3 O-O 10. Nc2 a5 11. Na3 h6 12. Nb5 Be6 13. Bf4 Rc8 14. Re1 g5 15. Bd2 Qd7 16. a3 Bh3 17. Bh1 Ng6 18. b4 axb4 19. axb4 Rfe8 20. Qa4 g4 21. Rxe8+ Rxe8 22. Ne1 Qe6 23. Qd1 Qd7 24. Na7 Nge5 25. Nxc6 bxc6 26. Bf4 Ng6 27. Qd2 Nxf4 28. Qxf4 Qe7 29. Qd2 Qe2 30. Qxe2 Rxe2 31. Bxc6 Bf6 32. Bg2 Bg5 33. Bxh3 gxh3 34. Nf3 Bf6 35. Kf1 Rb2 36. b5 Kg7 37. Ng1 Rd2 38. Nxh3 Rxd3 39. Rc1 Rb3 40. f4 d3 41. Nf2 Rb2 42. Nxd3 Rxh2 43. c5 Bd4 44. b6 cxb6 45. c6 Rh1+ 46. Ke2 Rh2+ 47. Kf3 1-0


[Site "https://www.chess.com"]